 Dungeon Crawl Stone Soup version 0.18.1-50-g88ac8fd (webtiles) character file.

49 cedor the Chiller (level 3, 0/24 HPs)
             Began as a Demonspawn Ice Elementalist on Sept 20, 2016.
             Was an Initiate of Sif Muna.
             Succumbed to an adder's poison
             ... on level 3 of the Dungeon.
             The game lasted 00:09:29 (1895 turns).

cedor the Chiller (Demonspawn Ice Elementalist)     Turns: 1895, Time: 00:09:30

Health: 0/24       AC:  3    Str:  6 (8)  XL:     3   Next: 51%
Magic:  0/6        EV: 12    Int: 15 (17) God:    Sif Muna [......]
Gold:   49         SH:  0    Dex: 10 (13) Spells: 3 memorised, 0 levels left

rFire  . . .     SeeInvis .     a - +0 dagger
rCold  . . .     Gourm    .     e - +0 robe
rNeg   . . .     Faith    .     (no shield)
rPois  .         Spirit   .     (helmet restricted)
rElec  .         Dismiss  .     (no cloak)
rCorr  .         Reflect  .     h - +0 pair of gloves
SustAt .         Harm     .     (no boots)
MR     .....                    (no amulet)
Stlth  ++........               (no ring)
                                (no ring)

@: lethally poisoned (0 -> -9), very slightly contaminated, not resistant to
hostile enchantments, unstealthy
A: antennae 1, talons 2, slow regeneration 1
a: Renounce Religion


You were on level 3 of the Dungeon.
You worshipped Sif Muna.
Sif Muna was noncommittal.
You were hungry.

You visited 1 branch of the dungeon, and saw 4 of its levels.

You collected 49 gold pieces.


Innate Abilities, Weirdness & Mutations

You have a pair of small antennae on your head.
You have razor-sharp toenails.
You regenerate slowly when monsters are visible.


   Skills:
 + Level 2.4 Dodging
 + Level 2.9 Stealth
 - Level 2.0 Spellcasting
 + Level 1.4 Conjurations
 - Level 2.9 Ice Magic


You couldn't memorise any spells.
You knew the following spells:

 Your Spells              Type           Power        Failure   Level  Hunger
a - Ozocubu's Armour      Chrm/Ice       #.......     43%         3    ###....
x - Throw Frost           Conj/Ice       #.....       14%         2    ###....
z - Freeze                Ice            ##..         10%         1    #......

Inventory:

Hand Weapons
 a - a +0 dagger (weapon)
Missiles
 i - 2 stones
 k - a javelin of returning (quivered)
Armour
 e - a +0 robe (worn)
 h - a +0 pair of gloves (worn)
Scrolls
 d - a scroll of noise {unknown}
Potions
 f - a potion of degeneration {!q}
Books
 b - a book of Frost

   Spells                             Type                      Level
   a - Freeze                         Ice                          1
   b - Throw Frost                    Conjuration/Ice              2
   c - Ozocubu's Armour               Charms/Ice                   3
   d - Throw Icicle                   Conjuration/Ice              4
   e - Summon Ice Beast               Ice/Summoning                4
Comestibles
 c - a bread ration
 g - a slice of pizza
 j - a chunk of flesh

Dungeon Overview and Level Annotations

Branches:
Dungeon (4/15)
 Temple: D:4-7

Altars:
Makhleb
Sif Muna
Trog
Xom

Annotations:
D:3 Rationalist's ghost, weakling MiGl
D:4 Rationalist's ghost, amateur MiGl

.......▒▒▒▒▒...▒
▒▒▒▒.........▒▒▒
▒....▒▒▒▒▒▒
▒▒▒▒.▒..▒▒▒▒▒▒▒
▒.....▒.......▒▒▒▒▒
▒.▒.▒.▒.▒S▒.▒.▒.▒.▒▒
...................▒
▒.▒.▒.▒.▒.▒)▒.▒.▒.▒▒▒
................6...▒
▒.▒.▒.▒.▒.▒>▒.▒.▒S▒.▒
▒▒...▒▒▒.▒▒▒▒▒▒▒▒▒).▒
...▒▒▒ ▒)▒ ▒▒▒▒▒▒▒.▒▒
..▒▒ ▒.▒ ▒)......▒
▒..▒▒▒▒▒.▒ ▒.....▒▒▒
▒▒....▒▒.▒ ▒.....▒
▒▒▒▒▒<▒▒.▒▒▒.....▒
.....÷....B......▒


You could see an adder.


Message History

Casting: Freeze
Confirm with . or Enter, or press ? or * to list all spells.
Aiming: Freeze
Press: ? - help, Shift-Dir - straight line, f/p - adder
Aim: an adder (severely wounded)
You miscast Freeze.
You are very lightly contaminated with residual magic.
Frost spreads across the the floor.
The adder closely misses you.
You hit the adder.
The adder is severely wounded.
The adder barely misses you.
You hit the adder but do no damage.
The adder is severely wounded.
The adder completely misses you. The adder bites you.
* * * LOW HITPOINT WARNING * * *
You are lethally poisoned!
The adder poisons you!
Drink which item? (? for menu, Esc to quit)
Okay, then.
* * * LOW HITPOINT WARNING * * *
You feel sick.
You closely miss the adder.
The adder is severely wounded.
The adder bites you.
* * * LOW HITPOINT WARNING * * *
You are more poisoned.
The adder poisons you!
You miss the adder. You claw the adder, but do no damage.
The adder is severely wounded.
You die...

Action                   || total
-------------------------++-------
Melee: Unarmed           ||     5
       Dagger            ||    47
       Kick              ||     1
Throw: Stone             ||     2
       Javelin           ||     1
 Cast: Freeze            ||    37
       Throw Frost       ||    11
  Use: Scroll            ||     2
       Potion            ||     2
 Stab: Sleeping          ||     6
  Eat: Chunk             ||     4
Armor: Robe              ||    15
Dodge: Dodged            ||    42

Vault maps used:
D:1:      minmay_arrival_nine_rooms, xom_teletrap_fun
D:2:      grunt_temple_overflow_growth_and_decay, grunt_pakellas_basics,
          serial_bayou, serial_bayou_pond_d, serial_bayou_shore_b,
          serial_bayou_pond_a, serial_bayou_pond_e, ecumenical_altar_1,
          minmay_misc_feat_cross, nicolae_underground_beach
D:3:      gammafunk_temple_overflow_claw, st_stairs_13
D:4:      uniq_edmund

Notes
Turn   | Place    | Note
--------------------------------------------------------------
     0 | D:1      | cedor the Demonspawn Ice Elementalist began the quest for the Orb.
     0 | D:1      | Reached XP level 1. HP: 13/13 MP: 3/3
   372 | D:1      | Reached skill level 2 in Stealth
   512 | D:1      | Found a shimmering altar of Xom.
   516 | D:1      | Gained mutation: You have a pair of small antennae on your head. [demonic ancestry]
   516 | D:1      | Reached XP level 2. HP: 8/19 MP: 0/5
   520 | D:1      | Learned a level 2 spell: Throw Frost
   907 | D:2      | Reached skill level 2 in Dodging
   930 | D:3      | Noticed Rationalist's ghost (weakling MiGl)
  1316 | D:2      | Reached XP level 3. HP: 24/24 MP: 4/6
  1514 | D:3      | Found a burning altar of Makhleb.
  1514 | D:3      | Found a deep blue altar of Sif Muna.
  1514 | D:3      | Found a bloodstained altar of Trog.
  1530 | D:3      | Became a worshipper of Sif Muna the Loreminder
  1640 | D:3      | Learned a level 3 spell: Ozocubu's Armour
  1643 | D:4      | Noticed an ogre
  1783 | D:4      | Gained mutation: You have sharp toenails. [potion of mutation]
  1783 | D:4      | Gained mutation: You regenerate slowly when monsters are visible. [potion of mutation]
  1783 | D:4      | Gained mutation: You have razor-sharp toenails. [potion of mutation]
  1790 | D:4      | HP: 1/24 [worm (3)]
  1818 | D:4      | Noticed Rationalist's ghost (amateur MiGl)
  1893 | D:3      | HP: 2/24 [poisoned by an adder]
  1895 | D:3      | Succumbed to an adder's poison

Vanquished Creatures
  2 oozes
  2 dart slugs
  A giant gecko (D:3)
  7 orcs
  2 goblins
  2 hobgoblins (D:3)
  A ball python (D:2)
  6 bats
  4 giant newts
  3 kobolds
  2 rats
32 creatures vanquished.
